 Dungeon Crawl Stone Soup version 0.22.1-1-ga44c0e56f4 (webtiles) character file.

1421 Ihlosi the Fighter (level 8, -11/98 HPs)
             Began as an Ogre Fighter on Oct 30, 2018.
             Was a Priest of Okawaru.
             Mangled by topfpfpflanze's ghost (12 damage)
             ... on level 6 of the Dungeon.
             The game lasted 00:24:00 (6491 turns).

Ihlosi the Fighter (Ogre Fighter)                   Turns: 6491, Time: 00:24:00

Health: -11/98     AC:  4    Str: 20 (21) XL:     8   Next: 72%
Magic:  19/19      EV:  6    Int:  7 (9)  God:    Okawaru [***...]
Gold:   269        SH: 13    Dex:  8 (10) Spells: 7/7 levels left

rFire    . . .     SeeInvis +   y - +1 falchion (holy)
rCold    . . .     Gourm    .   D - +0 large shield
rNeg     . . .     Faith    .   b - +0 robe
rPois    .         Spirit   .   (helmet restricted)
rElec    .         Reflect  .   i - +0 cloak
rCorr    .         Harm     .   (gloves unavailable)
MR       .....                  (boots unavailable)
Stlth    +.........             (no amulet)
HPRegen  0.26/turn              g - ring of magical power
MPRegen  0.16/turn              j - ring of see invisible

@: no status effects
A: large, unfitting armour, tough skin 1
a: Heroism, Renounce Religion


You were on level 6 of the Dungeon.
You worshipped Okawaru.
Okawaru was most pleased with you.
You were not hungry.

You visited 2 branches of the dungeon, and saw 8 of its levels.

You collected 269 gold pieces.

Inventory:

Hand Weapons
 a - a +0 flail
 q - a -1 short sword
 y - a +1 falchion of holy wrath (weapon)
 B - a +0 giant spiked club
Missiles
 k - 2 tomahawks of returning (quivered)
Armour
 b - a +0 robe (worn)
 c - a +0 shield
 i - a +0 cloak (worn)
 m - a +1 robe of the Archmagi
 t - the +1 leather armour of Light {rF+ rC+ MR-}
   (You found it on level 4 of the Dungeon)

   It protects you from fire.
   It protects you from cold.
   It affects your resistance to hostile enchantments.
 D - a +0 large shield (worn)
 J - a scarf of repulsion
Jewellery
 g - a ring of magical power (left hand)
 j - a ring of see invisible (right hand)
 I - an uncursed ring of fire
Wands
 d - a wand of flame (24)
 x - a wand of polymorph (13)
 G - a wand of random effects (30)
Scrolls
 e - 4 scrolls of identify
 p - a scroll of magic mapping {unknown}
 r - 3 scrolls of remove curse
 s - a scroll of amnesia {unknown}
 u - a scroll of teleportation {unknown}
 v - a scroll of immolation {unknown}
 w - a scroll of blinking {unknown}
Potions
 h - 4 potions of curing
 C - a potion of degeneration
Comestibles
 f - 11 rations


   Skills:
 * Level 12.3 Fighting
 * Level 3.2 Maces & Flails
 - Level 3.0 Dodging
 - Level 3.0 Shields
 - Level 3.1 Invocations
 + Level 0.5 Evocations


You had 7 spell levels left.
You didn't know any spells.
Your spell library contained the following spells:

 Spells                   Type           Power        Failure   Level  Hunger
 Summon Small Mammal      Summ           #...         99%         1    ##.....
 Call Imp                 Summ           #.......     100%        2    ###....
 Call Canine Familiar     Summ           #.......     100%        3    ####...
 Summon Guardian Golem    Hex/Summ       #.......     100%        3    ####...
 Summon Ice Beast         Ice/Summ       #.......     100%        4    #####..
 Summon Lightning Spire   Summ/Air       #.......     100%        4    #####..


Dungeon Overview and Level Annotations

Branches:
Dungeon (7/15)             Temple (1/1) D:5

Altars:
Ashenzari
Cheibriados
Dithmenos
Elyvilon
Fedhas
Gozag
Hepliaklqana
Kikubaaqudgha
Makhleb
Nemelex Xobeh
Okawaru
Qazlal
Ru
Sif Muna
Trog
Uskayaw
Vehumet
Wu Jian
Yredelemnul
Zin
The Shining One

Annotations:
D:6 1 transporter, topfpfpflanze's ghost, novice OpEE


Innate Abilities, Weirdness & Mutations

You are too large for most types of armour.
You have tough skin. (AC +1)


Message History

* * * LOW HITPOINT WARNING * * *
Evoke which item? (* to show all) (? for menu, Esc to quit)
Aiming: Random Effects
Press: ? - help, Shift-Dir - straight line, f/p - topfpfpflanze's ghost
Aim: topfpfpflanze's ghost (moderately damaged, fast)
The bolt of negative energy misses topfpfpflanze's ghost.
You block topfpfpflanze's ghost's attack.
Evoke which item? (* to show all) (? for menu, Esc to quit)
Aiming: Random Effects
Press: ? - help, Shift-Dir - straight line, f/p - topfpfpflanze's ghost
Aim: topfpfpflanze's ghost (moderately damaged, fast) Nothing appears to happen.
Topfpfpflanze's ghost hits you!
* * * LOW HITPOINT WARNING * * *
You block topfpfpflanze's ghost's attack.
You hit topfpfpflanze's ghost.
Topfpfpflanze's ghost convulses!
Topfpfpflanze's ghost is heavily damaged.
You recover from your berserk rage.
You block topfpfpflanze's ghost's attack.
Topfpfpflanze's ghost hits you!
You die...

#.# #.........# #.#
##.#.......## ###.#
##..#..####..#
##...###.<...## ##.##
......##.....######..#
.####..............#.#
.........#########...#
.####...##...5sW.##..#
.##...#.#8.##.##@8#..##
..#.###.#..##.##..#...#
#.......#........)#..(#
...##..©#....©...(#©..#
.#..##..#........$#..##
.##.###.#..##.##..#.##
..#.....#8(##.##.8#.#
........##©......##.#
#..###...#########..#


You could see topfpfpflanze's ghost, a shadow imp and a giant cockroach.

Vanquished Creatures
  Sigmund (D:4)
  2 orc warriors (D:6)
  A phantom (D:4)
  A centaur (D:4)
  2 ogres (D:5)
  3 wights (D:6)
  The ghost of bananovenc the Skirmisher, a weakling GrBe of Trog (D:3)
  A howler monkey (D:5)
  3 crimson imps
  4 orc wizards
  3 orc priests
  2 iguanas
  2 worker ants
  An adder (D:7)
  3 hound simulacra (D:3)
  A shadow imp (D:5)
  A worker ant simulacrum (D:3)
  A howler monkey simulacrum (D:3)
  An adder skeleton (D:5)
  4 worms
  2 dart slugs
  4 leopard geckos
  15 orcs
  3 ball pythons
  15 bats
  8 goblins
  4 hobgoblins (D:1)
  2 jackals
  2 quokkas (D:5)
  4 frilled lizards
  3 kobolds
  6 rats (D:1)
106 creatures vanquished.

Vanquished Creatures (others)
  An orc (D:6)
  2 jackals (D:5)
3 creatures vanquished.

Grand Total: 109 creatures vanquished

Notes
Turn   | Place    | Note
-------+----------+-------------------------------------------
     0 | D:1      | Ihlosi the Ogre Fighter began the quest for the Orb.
     0 | D:1      | Reached XP level 1. HP: 24/24 MP: 1/1
   210 | D:1      | Reached XP level 2. HP: 25/33 MP: 2/2
   739 | D:1      | Reached XP level 3. HP: 36/40 MP: 3/3
  1344 | D:2      | Found a hazy altar of Hepliaklqana.
  1906 | D:3      | Reached skill level 5 in Fighting
  1921 | D:3      | Found an iron altar of Okawaru.
  1930 | D:3      | Became a worshipper of Warmaster Okawaru
  1958 | D:3      | Reached XP level 4. HP: 50/50 MP: 4/4
  2115 | D:3      | Noticed bananovenc's ghost (weakling GrBe)
  2144 | D:3      | Found a runed gate.
  2144 | D:3      | Found a runed gate.
  2144 | D:3      | Found a runed gate.
  2222 | D:3      | Found a white marble altar of Elyvilon.
  2664 | D:4      | Noticed Sigmund
  2779 | D:4      | Got a sapphire-encrusted leather armour
  2833 | D:5      | Entered Level 5 of the Dungeon
  2865 | D:5      | Noticed an ogre
  2872 | D:4      | Reached XP level 5. HP: 26/58 MP: 5/5
  3132 | D:5      | Reached skill level 6 in Fighting
  3136 | D:5      | Found a staircase to the Ecumenical Temple.
  3308 | D:5      | Reached skill level 7 in Fighting
  3308 | D:5      | Reached XP level 6. HP: 19/71 MP: 6/6
  3741 | D:5      | Reached * piety under Okawaru
  3741 | D:5      | Reached skill level 8 in Fighting
  3807 | D:5      | Reached XP level 7. HP: 26/81 MP: 7/7
  4099 | D:5      | Found a radiant altar of Vehumet.
  4371 | Temple   | Entered the Ecumenical Temple
  4549 | D:6      | Reached skill level 9 in Fighting
  4558 | D:6      | Identified the +1 leather armour of Light {rF+ rC+ MR-}
                  | (You found it on level 4 of the Dungeon)
  4789 | D:4      | Found a blossoming altar of Fedhas.
  4921 | D:4      | Reached skill level 1 in Invocations
  5134 | D:4      | Killed Sigmund
  5134 | D:4      | Reached ** piety under Okawaru
  5134 | D:4      | Reached skill level 10 in Fighting
  5323 | D:4      | Reached XP level 8. HP: 66/96 MP: 9/9
  5490 | D:3      | Reached skill level 11 in Fighting
  5491 | D:3      | Killed bananovenc's ghost
  5616 | D:7      | Noticed a hippogriff
  5654 | D:6      | Found a transporter.
  5799 | D:6      | Found a sparkling altar of Nemelex Xobeh.
  6012 | D:6      | Found a transporter.
  6023 | D:6      | Noticed topfpfpflanze's ghost (novice OpEE)
  6110 | D:6      | Reached *** piety under Okawaru
  6110 | D:6      | Reached skill level 12 in Fighting
  6490 | D:6      | HP: 1/98 [topfpfpflanze's ghost (7)]
  6491 | D:6      | Mangled by topfpfpflanze's ghost

Skill      XL: |  1  2  3  4  5  6  7  8 |
---------------+-------------------------+-----
Maces & Flails | 2 3 |  3.2
Dodging        | 3 |  3.0
Shields        | 3 |  3.0
Fighting       | 5 7 8 10 12 | 12.3
Invocations    | 2 3 |  3.1
Evocations     | |  0.5

Action                   |  1- 3 |  4- 6 |  7- 9 || total
-------------------------+-------+-------+-------++-------
Melee: Flail             |   159 |   132 |   113 ||   404
       Falchion          |       |       |    95 ||    95
Evoke: Wand              |       |     1 |    10 ||    11
  Use: Potion            |       |     1 |    15 ||    16
       Scroll            |       |       |     4 ||     4
 Stab: Invisible         |       |       |     1 ||     1
  Eat: Chunk             |     4 |     2 |     9 ||    15
       Ration            |       |     1 |       ||     1
Armor: Robe              |    51 |    36 |    27 ||   114
       Skin              |       |       |    14 ||    14
Dodge: Dodged            |    55 |    56 |    67 ||   178
Block: Shield            |    91 |    64 |     3 ||   158
       Large shield      |       |       |   169 ||   169
       Rpst.: Falchion   |       |       |     4 ||     4
